 Dungeon Crawl Stone Soup version 0.28-a0-413-gde365fb1df (webtiles) character file.

Game seed: 12367509108692931426

12987 heikuro the Carver (level 12, -5/96 HPs)
             Began as a Formicid Fighter on Sept 8, 2021.
             Was an Elder of Nemelex Xobeh.
             Slain by a death knight (19 damage)
             ... on level 12 of the Dungeon.
             The game lasted 00:27:17 (13396 turns).

heikuro the Carver (Formicid Fighter)              Turns: 13396, Time: 00:27:19

Health: -5/96      AC: 20    Str: 24    XL:     12   Next: 27%
Magic:  17/17      EV: 10    Int: 10    God:    Nemelex Xobeh [****..]
Gold:   630        SH:  6    Dex: 12    Spells: 11/11 levels left

rFire   . . .      SeeInvis +   L - +9 dagger of Checkmate {elec, *Noise rPois Int+2}
rCold   + . .      Faith    .   c - +0 buckler
rNeg    . . .      Spirit   .   Q - +3 ring mail {rC+}
rPois   +          Reflect  .   (helmet unavailable)
rElec   .          Harm     .   G - +0 cloak
rCorr   .          Rampage  .   j - +0 pair of gloves
Will    ++...                   N - +2 pair of boots {Stlth+}
Stlth   ++........              r - amulet of the acrobat
HPRegen 0.26/turn               t - +4 ring of protection
MPRegen 0.15/turn               B - ring of willpower

@: no status effects
A: permanent stasis, dig shafts and tunnels, antennae 3, four strong arms
a: Dig, Shaft Self, Renounce Religion, Draw Escape, Draw Destruction, Draw
Summoning, Triple Draw, Deal Four


You were on level 12 of the Dungeon.
You worshipped Nemelex Xobeh.
Nemelex Xobeh was greatly pleased with you.
You visited 2 branches of the dungeon, and saw 13 of its levels.

You collected 630 gold pieces.

Inventory:

Hand Weapons
 a - a +4 great sword
 i - a +3 falchion of freezing
 L - the +9 dagger of Checkmate (weapon) {elec, *Noise rPois Int+2}
   (You found it on level 7 of the Dungeon)

   It occasionally discharges a powerful burst of electricity upon striking a
   foe.
   Int:       It affects your intelligence (+2).
   rPois:     It protects you from poison.
   *Noise:    It may make noises in combat.
Missiles
 e - 7 boomerangs
 z - 2 javelins
 F - 5 curare-tipped darts
 I - 6 throwing nets
 M - 61 poisoned darts
Armour
 c - a +0 buckler (worn)
 j - a +0 pair of gloves (worn)
 G - a +0 cloak (worn)
 N - a +2 pair of boots of stealth (worn)
 Q - a +3 ring mail of cold resistance (worn)
Jewellery
 r - an amulet of the acrobat (around neck)
 t - a +4 ring of protection (left hand)
 B - a ring of willpower (right hand)
 R - a ring of magical power
Wands
 u - a wand of polymorph (22)
 v - a wand of iceblast (8)
 x - a wand of flame (26)
 y - a wand of mindburst (3)
 C - a wand of digging (11)
Scrolls
 b - a scroll of noise {unknown}
 f - 2 scrolls of fear {unknown}
 g - 3 scrolls of blinking {unknown}
 h - a scroll of holy word {unknown}
 k - a scroll of acquirement {unknown}
 l - 4 scrolls of magic mapping
 m - 3 scrolls of identify
 o - 3 scrolls of amnesia {unknown}
 p - 2 scrolls of immolation {unknown}
 q - 3 scrolls of enchant armour {unknown}
 s - 2 scrolls of fog {unknown}
 A - a scroll of torment {unknown}
 E - 2 scrolls of teleportation {unknown}
 H - 4 scrolls of enchant weapon {unknown}
 J - 5 scrolls of vulnerability {unknown}
 P - a scroll of summoning {unknown}
Potions
 d - a potion of might
 n - 4 potions of curing
 w - 5 potions of flight
 D - 3 potions of invisibility
 K - a potion of attraction
 O - 2 potions of heal wounds
Miscellaneous
 S - a lightning rod (4/4)


   Skills:
 + Level 9.5 Fighting
 * Level 11.5 Long Blades
 + Level 9.5 Armour
 + Level 10.2 Shields
 + Level 6.9 Invocations


You had 11 spell levels left.
You didn't know any spells.
Your spell library contained the following spells:

 Spells                   Type           Power      Damage    Failure   Level
 Apportation              Tloc           0%         N/A       47%         1
 Magic Dart               Conj           0%         1d3       47%         1
 Sandblast                Erth           0%         2d4       47%         1
 Call Imp                 Summ           0%         N/A       63%         2
 Passwall                 Tmut/Erth      0%         N/A       63%         2
 Slow                     Hex            0%         N/A       63%         2
 Confusing Touch          Hex            0%         N/A       85%         3
 Dazzling Flash           Conj/Hex       0%         N/A       85%         3
 Mephitic Cloud           Conj/Pois/Air  0%         N/A       85%         3
 Stone Arrow              Conj/Erth      0%         3d7       85%         3
 Iskenderun's Mystic Bla  Conj/Tloc      0%         2d3       99%         4
 Alistair's Intoxication  Tmut/Pois      0%         N/A       100%        5
 Freezing Cloud           Conj/Ice/Air   0%         6-21      100%        5
 Yara's Violent Unravell  Hex/Tmut       0%         3d3       100%        5
 Invisibility             Hex            0%         N/A       100%        6
 Simulacrum               Ice/Necr       0%         N/A       100%        6
 Starburst                Conj/Fire      0%         6d3       100%        6
 Polar Vortex             Ice            0%         N/A       100%        9


Dungeon Overview and Level Annotations

Branches:
Dungeon (12/15)            Temple (1/1) D:7            Lair (0/6) D:8
    Orc (0/2) D:9

Altars:
Ashenzari
Cheibriados
Dithmenos
Elyvilon
Fedhas
Gozag
Hepliaklqana
Kikubaaqudgha
Makhleb
Nemelex Xobeh
Okawaru
Qazlal
Ru
Sif Muna
Trog
Uskayaw
Vehumet
Wu Jian
Xom
Yredelemnul
Zin
The Shining One

Shops:
D:5 [   D:8 (   D:11 [

Annotations:
D:3 orc priest with elec whip
D:6 2 transporters, Spaninq's ghost, amateur DgCj


Innate Abilities, Weirdness & Mutations

You cannot be hasted, slowed, berserked, paralysed or teleported.
You can dig through walls and to a lower floor.
You have a pair of large antennae on your head. (SInv)
Your four strong arms can wield two-handed weapons with a shield.


Message History

You hit the death knight.
The death knight is almost dead.
The death knight reflects your damage back at you!
You block the unseen horror's attack.
A phantasmal warrior comes into view.
You hit the death knight but do no damage.
The death knight is almost dead.
The unseen horror misses you. You block the death knight's attack.
You hit the death knight but do no damage.
The death knight is almost dead.
The unseen horror hits you but does no damage.
The death knight calls down the wrath of Yredelemnul upon you.
Your body is wracked with pain!
You completely miss the death knight.
The death knight is severely wounded.
You block the unseen horror's attack.
You closely miss the death knight.
The death knight is severely wounded.
The unseen horror hits you.
* * * LOW HITPOINT WARNING * * *
The death knight barely misses you.
A wraith comes into view.
You hit the death knight.
Lightning courses through the death knight!
The death knight is almost dead.
The death knight reflects your damage back at you!
* * * LOW HITPOINT WARNING * * *
The unseen horror barely misses you.
The death knight hits you but does no damage.
The unseen horror barely misses you.
A wraith comes into view.
You draw a card...
You have drawn Velocity.
The death knight seems to slow down.
The wraith seems to slow down. x2
The unseen horror hits you.
* * * LOW HITPOINT WARNING * * *
The unseen horror hits you.
* * * LOW HITPOINT WARNING * * *
The death knight hits you with a +4 morningstar!!
You die...
Your body glows with a rainbow of weird colours and disappears.

.......# .# # .......
#.# .. ...... #.##
#.#....### .W.#
#.......... #..###.#
....... .. ...... #
#...# #W#####..###..#
##.## #Wx@p..W.!....#
##...##########..####.
#.<...........$..#
#....###########.#
.......## #.# ########
#.# #.# ##


You could see a death knight (reflects damage, slow, drained), a phantasmal
warrior, an unseen horror (invisible, misshapen) and 2 wraiths.

Vanquished Creatures
  Harold (D:7)
  A catoblepas (D:11)
  Sonja (D:10)
  A cyclops (D:11)
  Joseph (D:10)
  A kobold demonologist (D:9)
  A freezing wraith (D:12)
  A komodo dragon (D:11)
  3 trolls
  Prince Ribbit (D:7)
  A shadow (D:9)
  16 yaks
  2 wraiths
  2 wyverns (D:9)
  Eustachio (D:4)
  Menkaure (D:6)
  A steam dragon (D:7)
  2 vampire mosquitoes (D:11)
  A water moccasin (D:7)
  Duvessa (D:4)
  An orc warrior (D:8)
  2 necrophages
  An ogre (D:4)
  5 wolves (D:8)
  A phantom (D:6)
  8 centaurs
  7 kobold brigands
  A water moccasin zombie (D:7)
  3 bullfrogs
  2 wyvern zombies
  Dowan (D:4)
  A water moccasin skeleton (D:6)
  7 killer bees
  8 wights
  3 electric eels (D:8)
  A howler monkey (D:5)
  3 jellies
  Crazy Yiuf (D:4)
  A bullfrog zombie (D:3)
  5 centaur skeletons
  A gnoll shaman (D:5)
  4 orc priests
  4 hounds
  3 iguanas
  6 orc wizards
  2 killer bee zombies (D:8)
  A hound skeleton (D:4)
  Robin (D:2)
  9 adders
  3 gnolls (D:5)
  4 shadow imps
  4 white imps
  2 ufetubi
  An adder skeleton (D:4)
  A worm (D:2)
  A dart slug (D:1)
  19 orcs
  3 ball pythons
  5 endoplasms
  3 giant cockroaches
  17 goblins
  11 hobgoblins
  9 jackals
  A quokka (D:2)
  7 bats
  4 frilled lizards
  29 kobolds
  6 rats
263 creatures vanquished.

Vanquished Creatures (collateral kills)
  Urug (D:10)
1 creature vanquished.

Vanquished Creatures (others)
  5 fungi (D:4)
  13 plants (D:6)
18 creatures vanquished.

Grand Total: 282 creatures vanquished

Notes
Turn   | Place    | Note
-------+----------+-------------------------------------------
     0 | D:1      | heikuro the Formicid Fighter began the quest for the Orb.
     0 | D:1      | Reached XP level 1. HP: 18/18 MP: 1/1
     5 | D:1      | You fall into a shaft and drop 1 floor!
    13 | D:2      | Reached XP level 2. HP: 14/24 MP: 2/2
   576 | D:1      | Reached XP level 3. HP: 27/29 MP: 3/3
  1224 | D:2      | Reached XP level 4. HP: 30/37 MP: 4/4
  1329 | D:2      | Reached skill level 3 in Long Blades
  1952 | D:2      | Reached XP level 5. HP: 29/42 MP: 5/5
  3209 | D:3      | Reached XP level 6. HP: 46/48 MP: 6/6
  3654 | D:3      | Noticed Robin
  3674 | D:2      | Killed Robin
  3675 | D:2      | Reached skill level 4 in Long Blades
  4295 | D:4      | Reached skill level 5 in Shields
  4628 | D:4      | Noticed Eustachio
  4633 | D:4      | Killed Eustachio
  4634 | D:4      | Reached XP level 7. HP: 55/55 MP: 7/7
  4880 | D:5      | Entered Level 5 of the Dungeon
  4880 | D:5      | Noticed Duvessa
  4880 | D:5      | Noticed Dowan
  4941 | D:4      | Reached skill level 5 in Long Blades
  4995 | D:5      | Found a hazy altar of Hepliaklqana.
  4995 | D:5      | Found a white marble altar of Elyvilon.
  4995 | D:5      | Found a shadowy altar of Dithmenos.
  4995 | D:5      | Found a blossoming altar of Fedhas.
  4995 | D:5      | Found an ornate altar of the Wu Jian Council.
  4995 | D:5      | Found a sparkling altar of Nemelex Xobeh.
  4995 | D:5      | Found a broken altar of Ashenzari.
  5179 | D:4      | Reached skill level 5 in Fighting
  5179 | D:4      | Reached skill level 5 in Armour
  5199 | D:4      | Killed Duvessa
  5200 | D:4      | Reached XP level 8. HP: 24/62 MP: 8/8
  5200 | D:4      | Killed Dowan
  5425 | D:5      | Found a snail-covered altar of Cheibriados.
  5445 | D:5      | Became a worshipper of Nemelex Xobeh the Trickster
  5475 | D:5      | Found Lyfid's Armour Boutique.
  6018 | D:4      | Found a runed translucent door.
  6020 | D:4      | Noticed Crazy Yiuf
  6032 | D:4      | Killed Crazy Yiuf
  6033 | D:4      | Reached skill level 6 in Long Blades
  6657 | D:6      | Identified the +1 trident of Runesk {pain, Int+4 Stlth+}
  6659 | D:6      | Noticed Spaninq's ghost (amateur DgCj)
  6691 | D:6      | Found a burning altar of Makhleb.
  6691 | D:6      | Found a glowing silver altar of Zin.
  6692 | D:6      | Noticed an angel
  6692 | D:6      | Noticed an Executioner
  6843 | D:6      | Reached * piety under Nemelex Xobeh
  7038 | D:6      | Reached XP level 9. HP: 62/69 MP: 9/9
  7085 | D:6      | Found a transporter.
  7093 | D:6      | Found a transporter.
  7141 | D:6      | Reached skill level 7 in Long Blades
  7168 | D:6      | Received a gift from Nemelex Xobeh
  7652 | D:7      | Reached ** piety under Nemelex Xobeh
  7670 | D:7      | Identified the +9 dagger of Checkmate {elec, *Noise rPois
                  | Int+2}
  7704 | D:7      | Noticed Menkaure
  7901 | D:6      | Killed Menkaure
  8022 | D:7      | Found a hide-covered altar of Uskayaw.
  8033 | D:7      | Found an ancient bone altar of Kikubaaqudgha.
  8086 | D:7      | Noticed Prince Ribbit
  8093 | D:7      | Noticed Harold
  8100 | D:7      | Killed Prince Ribbit
  8101 | D:7      | Reached skill level 8 in Long Blades
  8108 | D:7      | Killed Harold
  8109 | D:7      | Reached XP level 10. HP: 37/79 MP: 9/11
  8345 | D:7      | Found a staircase to the Ecumenical Temple.
  8372 | Temple   | Entered the Ecumenical Temple
  8525 | D:7      | Reached skill level 9 in Long Blades
  8859 | D:8      | Found Edih's Antique Weapon Shop.
  8870 | D:8      | Received a gift from Nemelex Xobeh
  9396 | D:8      | Found a staircase to the Lair.
  9934 | D:9      | Reached *** piety under Nemelex Xobeh
  9934 | D:9      | Received a gift from Nemelex Xobeh
 10409 | D:9      | Reached XP level 11. HP: 50/86 MP: 14/14
 10618 | D:9      | Found a staircase to the Orcish Mines.
 10657 | D:9      | Reached skill level 10 in Long Blades
 10780 | D:9      | Received a gift from Nemelex Xobeh
 11016 | D:10     | Entered Level 10 of the Dungeon
 11158 | D:9      | Noticed a soul eater
 11162 | D:9      | Reached skill level 5 in Invocations
 11255 | D:10     | Noticed Joseph
 11447 | D:10     | Killed Joseph
 11650 | D:10     | Noticed Sonja
 11655 | D:10     | Killed Sonja
 11759 | D:10     | Received a gift from Nemelex Xobeh
 11924 | D:10     | Noticed Urug
 11938 | D:10     | Killed Urug
 12175 | D:11     | Noticed a cyclops
 12187 | D:11     | Killed a cyclops
 12236 | D:11     | Reached **** piety under Nemelex Xobeh
 12333 | D:11     | Reached skill level 11 in Long Blades
 12530 | D:11     | Found Laumurph's Armour Boutique.
 12568 | D:11     | Reached XP level 12. HP: 90/95 MP: 16/16
 12573 | D:11     | Reached skill level 10 in Shields
 12918 | D:11     | Noticed a catoblepas
 12937 | D:11     | Killed a catoblepas
 13380 | D:12     | Noticed a death knight
 13396 | D:12     | Slain by a death knight

Illustrated notes

Levels and vault maps discovered:
D:1:      dpeg_arrival_morbid_curiosity, layout_basic
D:2:      layout_basic, chequers_serial_rivers_micro_c, grunt_ministairs_10,
          minivault_5, minmay_surrounded
D:3:      layout_rooms, hangedman_decor_growths, uniq_robin
D:4:      minmay_inner_zag, layout_basic, kennysheep_generic_room_14,
          uniq_crazy_yiuf_cottage, uniq_eustachio
D:5:      layout_gridville, grunt_temple_overflow_open, serial_shops,
          nicolae_shop_crystal, uniq_duvessa
D:6:      layout_loops_ring, grunt_temple_overflow_order_and_chaos_2,
          gammafunk_ghost_gnarly_gnolls, serial_bayou_ford_a
D:7:      layout_cave_pools, mainiacjoe_overflow_large_starburst,
          minmay_temple_entry_statues_fountains, grunt_ministairs_4,
          uniq_menkaure, uniq_harold, uniq_prince_ribbit1
D:8:      layout_gridville, erik_lair_island, serial_shops,
          nicolae_shop_behind_doors
D:9:      layout_gridville, orc_0_dummy
D:10:     layout_big_octagon, uniq_urug, uniq_sonja, uniq_joseph
D:11:     layout_rooms, serial_corexii_hall, corexii_hall_statues_x,
          corexii_hall_statues_t, corexii_hall_statues_l,
          corexii_hall_statues_s, serial_shops, shop
D:12:     layout_loops_ring
Temple:   compressed_dpeg_circular_temple

Skill      XL: |  1  2  3  4  5  6  7  8  9 10 11 12 |
---------------+-------------------------------------+-----
Shields        | 4 5 6 8 9 10 | 10.2
Long Blades    | 3 4 5 6 8 9 11 | 11.5
Fighting       | 4 5 6 7 8 9 |  9.5
Armour         | 4 5 6 7 8 9 |  9.5
Invocations    | 2 4 6 |  6.9

Action                   |  1- 3 |  4- 6 |  7- 9 | 10-12 || total
-------------------------+-------+-------+-------+-------++-------
Melee: Long sword        |   101 |   147 |       |       ||   248
       Dagger            |       |    78 |   274 |   452 ||   804
Invok: Draw Destruction  |       |       |     1 |     4 ||     5
       Draw Escape       |       |       |       |     2 ||     2
       Draw Summoning    |       |       |       |     3 ||     3
 Abil: Dig               |     1 |     2 |       |     2 ||     5
Evoke: Wand              |       |     3 |     2 |     4 ||     9
  Use: Scroll            |       |     4 |     2 |     2 ||     8
       Potion            |       |       |     1 |       ||     1
Armor: Scale mail        |    35 |       |       |       ||    35
       Chain mail        |    11 |   135 |   155 |   110 ||   411
       Ring mail         |       |       |       |    77 ||    77
Dodge: Dodged            |    46 |   165 |   114 |   191 ||   516
Block: Buckler           |    22 |    76 |    69 |   102 ||   269

Table legend: (Time is in decaauts)
 A = Elapsed time spent in this place.
 B = Non-inter-level travel time spent in this place.
 C = Inter-level travel time spent in this place.
 D = Time resting spent in this place.
 E = Time spent auto-exploring this place.
 F = Levels seen in this place.
 G = Mean time per level.
                   A        B        C        D        E       F      G
               +--------+--------+--------+--------+--------+-----+--------+
         Total |  13307 |  12292 |   1015 |   3879 |   5006 |  13 | 1023.6 |
       Dungeon |  13219 |  12213 |   1006 |   3879 |   4938 |  12 | 1101.6 |
        Temple |     87 |     78 |      9 |      0 |     68 |   1 |   87.0 |
               +--------+--------+--------+--------+--------+-----+--------+

Top non-repeatable levels by time:
     D:2: 2275 daAuts
     D:4: 1832 daAuts
     D:9: 1328 daAuts
    D:11: 1195 daAuts
     D:6: 1163 daAuts
     D:8: 1081 daAuts
     D:1: 1005 daAuts
     D:7: 958 daAuts
     D:3: 913 daAuts
    D:10: 791 daAuts
     D:5: 617 daAuts
  Temple: 87 daAuts
    D:12: 56 daAuts
